 Dungeon Crawl Stone Soup version 0.19-a0-664-g51fd293 (webtiles) character file.

804 Justinthyme the Reanimator (level 7, -4/46 HPs)
             Began as a Mummy Necromancer on June 15, 2016.
             Slain by a mummy (17 damage)
             ... in an ossuary.
             The game lasted 00:13:32 (5877 turns).

Justinthyme the Reanimator (Mummy Necromancer)      Turns: 5877, Time: 00:13:32

Health: -4/46      AC:  5    Str: 12    XL:     7   Next: 60%
Magic:  3/11       EV: 12    Int: 16    God:
Gold:   378        SH:  0    Dex: 12    Spells: 4 memorised, 0 levels left

rFire  x . .     SeeInvis .     o - +1 short sword (venom)
rCold  + . .     Gourm    .     a - +0 robe
rNeg   + + +     Faith    .     (no shield)
rPois  ∞         Spirit   .     n - +1 helmet
rElec  .         Dismiss  .     (no cloak)
rCorr  .         Reflect  .     (no gloves)
SustAt .         Harm     .     k - +0 pair of boots
MR     .....                    (no amulet)
Stlth  +++.......               (no ring)
                                j - ring of stealth

@: not resistant to hostile enchantments, fairly stealthy
A: no food or potions, fire vulnerability, cold resistance 1, negative energy
resistance 3, torment resistance, unbreathing
a: no special abilities


You were in an ossuary.
You were not hungry.

You visited 1 branch of the dungeon, and saw 6 of its levels.
You also visited: Ossuary.

You collected 378 gold pieces.

Inventory:

Hand Weapons
 e - a +0 dagger
 o - a +1 short sword of venom (weapon)
Armour
 a - a +0 robe (worn)
 k - a +0 pair of boots (worn)
 n - a +1 helmet (worn)
Jewellery
 j - a ring of stealth (left hand)
Scrolls
 f - 4 scrolls of identify
 g - 3 scrolls of amnesia
 h - a scroll of immolation
 i - 2 scrolls of noise
 l - a scroll of enchant armour
 m - 3 scrolls of remove curse
 p - 3 scrolls of teleportation
Books
 b - a book of Necromancy

   Spells                             Type                      Level
   a - Pain                           Necromancy                   1
   b - Animate Skeleton               Necromancy                   1
   c - Vampiric Draining              Necromancy                   3
   d - Regeneration                   Charms/Necromancy            3
   e - Animate Dead                   Necromancy                   4
   f - Control Undead                 Necromancy                   4


   Skills:
 - Level 1.5 Dodging
 - Level 1.5 Stealth
 - Level 3.0 Spellcasting
 * Level 9.1 Necromancy


You couldn't memorise any spells.
You knew the following spells:

 Your Spells              Type           Power        Failure   Level  Hunger
a - Pain                  Necr           ####         1%          1    N/A
b - Vampiric Draining     Necr           ####......   1%          3    N/A
c - Animate Dead          Necr           N/A          6%          4    N/A
d - Control Undead        Necr           ####......   6%          4    N/A

Dungeon Overview and Level Annotations

Branches:
Dungeon (6/15)
 Temple: D:4-7

Altars:
Fedhas
Gozag
Hepliaklqana
Makhleb
Ru
Uskayaw

Shops:
D:5 *


Innate Abilities, Weirdness & Mutations

You do not eat or drink.
Your flesh is vulnerable to fire.
You are immune to poison.
Your flesh is cold resistant. (rC+)
You are immune to negative energy. (rN+++)
You are immune to unholy pain and torment.
You can survive without breathing.


Message History

Magic restored.
A mummy opens the door.
A mummy is nearby!
The mummy completely misses you.
You barely miss the mummy.
The mummy is severely damaged.
The mummy barely misses you.
You hit the mummy but do no damage.
The mummy is severely damaged.
You hit the mummy.
The mummy is almost destroyed.
The mummy hits you!
* * * LOW HITPOINT WARNING * * *
Casting: Control Undead
Confirm with . or Enter, or press ? or * to list all spells.
The mummy resists with almost no effort.
Casting: Control Undead
Confirm with . or Enter, or press ? or * to list all spells.
The mummy resists with almost no effort.
The mummy hits you!
You die...

###
#####!###
#.@M....###
#.#####...##
##+##
###..##
#...## ##..#
+.!.'# ##+##
### #...'##
##^^.###∩#
### ##'##!#
#'....'..#
.###!#####
#..###
##...###∩#
.'..^.'..##
##'..##
##+## ###


You could see a mummy.

Vanquished Creatures
  An orc warrior (D:5)
  A black bear (D:5)
  2 scorpions
  2 crimson imps
  A giant frog zombie (D:5)
  A hound (D:4)
  A centaur skeleton (D:4)
  Crazy Yiuf (D:5)
  2 worker ants
  A hell rat (D:5)
  5 mummies (Ossuary)
  2 adders (D:2)
  7 river rats (D:5)
  2 oozes (D:1)
  A worm (D:2)
  2 dart slugs (D:2)
  3 giant geckos
  5 orcs
  8 bats
  3 giant cockroaches
  2 goblins (D:1)
  7 hobgoblins
  7 jackals
  10 kobolds
  2 quokkas
  A giant cockroach zombie (D:5)
  2 giant newts
  A goblin skeleton (Ossuary)
  2 kobold skeletons (Ossuary)
  3 orc skeletons (Ossuary)
  A quokka skeleton (D:4)
  27 rats
  6 rat skeletons (Ossuary)
  A fungus (D:1)
123 creatures vanquished.

Vanquished Creatures (collateral kills)
  An orc wizard (D:4)
  5 mummies (Ossuary)
  An adder (D:5)
  An ooze (D:5)
  2 orcs (D:4)
  6 rats (D:5)
  5 rat skeletons (Ossuary)
21 creatures vanquished.

Grand Total: 144 creatures vanquished

Notes
Turn   | Place    | Note
--------------------------------------------------------------
     0 | D:1      | Justinthyme the Mummy Necromancer began the quest for the Orb.
     0 | D:1      | Reached XP level 1. HP: 13/13 MP: 3/3
   338 | D:1      | Reached XP level 2. HP: 19/19 MP: 3/5
   723 | D:1      | Reached XP level 3. HP: 24/24 MP: 5/7
  1217 | D:2      | Found an opulent altar of Gozag.
  1570 | D:2      | Learned a level 3 spell: Vampiric Draining
  1666 | D:2      | Reached XP level 4. HP: 29/30 MP: 8/8
  1679 | D:2      | Reached skill level 5 in Necromancy
  2041 | D:4      | Reached XP level 5. HP: 31/35 MP: 6/9
  2087 | D:4      | Reached skill level 6 in Necromancy
  2093 | D:4      | Learned a level 4 spell: Animate Dead
  2172 | D:4      | Found a blossoming altar of Fedhas.
  2174 | D:4      | Found a sacrificial altar of Ru.
  2296 | D:4      | Found a burning altar of Makhleb.
  2720 | D:4      | Found a hazy altar of Hepliaklqana.
  2747 | D:5      | Entered Level 5 of the Dungeon
  2747 | D:5      | Noticed an orc warrior
  2766 | D:5      | Noticed Crazy Yiuf
  2772 | D:5      | Killed an orc warrior
  2772 | D:5      | Killed Crazy Yiuf
  2772 | D:5      | Reached XP level 6. HP: 10/41 MP: 2/10
  2772 | D:5      | Reached skill level 7 in Necromancy
  2848 | D:5      | Found Patiofue's General Store.
  3634 | D:5      | Reached skill level 8 in Necromancy
  3634 | D:5      | Reached XP level 7. HP: 35/46 MP: 1/11
  4276 | D:5      | Found a hide-covered altar of Uskayaw.
  5020 | D:6      | Found a sand-covered staircase.
  5027 | D:6      | Learned a level 4 spell: Control Undead
  5030 | Ossuary  | Entered an ossuary
  5073 | Ossuary  | Reached skill level 9 in Necromancy
  5877 | Ossuary  | Slain by a mummy

Vault maps used:
D:1:      lightli_arrival_boilingwater, minmay_gold_behind_fungi
D:2:      grunt_gozag_breadcrumbs
D:3:      grunt_temple_overflow_opulence, first_bread, minmay_misc_feat_square
D:4:      nicolae_overflow_hidden_temple
D:5:      lemuel_ratsnest, old_standard_altar, serial_shops, shop_fountains,
          uniq_crazy_yiuf_cottage
D:6:      minmay_temple_entry_large_hall, enter_ossuary_2, uniq_prince_ribbit1
Ossuary:  ossuary_due_small_catacomb

Skill      XL: |  1  2  3  4  5  6  7 |
---------------+----------------------+-----
Spellcasting   | 3 |  3.0
Necromancy     | 5 6 8 9 |  9.1
Dodging        | |  1.5
Stealth        | |  1.5

Action                   |  1- 3 |  4- 6 |  7- 9 || total
-------------------------+-------+-------+-------++-------
Melee: Unarmed           |    51 |       |       ||    51
       Dagger            |    18 |       |       ||    18
       Short sword       |     8 |    80 |   142 ||   230
 Cast: Pain              |    79 |    29 |     8 ||   116
       Animate Dead      |       |     6 |     7 ||    13
       Vampiric Draining |       |     1 |     9 ||    10
       Control Undead    |       |       |    14 ||    14
  Use: Scroll            |       |    10 |       ||    10
 Stab: Sleeping          |       |     1 |     4 ||     5
Armor: Robe              |    16 |    19 |    28 ||    63
Dodge: Dodged            |    39 |    63 |    82 ||   184
